 Dungeon Crawl Stone Soup version 0.31.0-9-g3a7656b989 (webtiles) character file.

Game seed: 11470633989996476825

851 Couri the Trooper (level 8, -3/88 HPs)
             Began as an Oni Warper on Feb 6, 2024.
             Was a Priest of Jiyva.
             Succumbed to a water moccasin's poison
             ... on level 5 of the Dungeon.
             The game lasted 00:13:35 (3744 turns).

Couri the Trooper (Oni Warper)                      Turns: 3744, Time: 00:13:35

Health: -3/88      AC:  5    Str: 24    XL:     8   Next: 1%
Magic:  11/11      EV:  9    Int: 14    God:    Jiyva [***...]
Gold:   155        SH:  0    Dex:  8    Spells: 12/12 levels left

rFire   . . .        B - +0 giant spiked club
rCold   + . .        (shield currently unavailable)
rNeg    + . .        l - +2 robe "Igradosch" {Fly rC+ rN+}
rPois   .            (helmet restricted)
rElec   .            (no cloak)
rCorr   +            (gloves unavailable)
SInv    .            (boots unavailable)
Will    .....        A - amulet of regeneration
Stlth   +            f - +6 ring of strength
HPRegen 2.26/turn    (no ring)
MPRegen 0.68/turn

%: no passive effects
@: brilliant, lethally poisoned (-3 -> -25), flying
A: large, unfitting armour, horns 1, tough skin 1, double potion healing,
drunken brawling
a: Renounce Religion, Oozemancy


You were on level 5 of the Dungeon.
You worshipped Jiyva.
Jiyva was most pleased with you.
You visited 1 branch of the dungeon, and saw 5 of its levels.

You collected 155 gold pieces.

Inventory:

Hand Weapons
 t - a +0 morningstar
 y - a +0 war axe
 B - a +0 giant spiked club (weapon)
Missiles
 d - 6 darts of dispersal
 n - a throwing net
 s - 4 poisoned darts
Armour
 b - a +0 robe
 l - the +2 robe "Igradosch" (worn) {Fly rC+ rN+}
   (You found it on level 2 of the Dungeon)

   rC+:       It protects you from cold.
   rN+:       It protects you from negative energy.
   Fly:       It grants you flight.
Jewellery
 f - a +6 ring of strength (left hand)
 A - an amulet of regeneration (around neck)
Wands
 r - a wand of polymorph (9)
Scrolls
 a - a scroll of vulnerability {unknown}
 c - a scroll of blinking
 j - 2 scrolls of noise
 k - 2 scrolls of summoning
 o - 4 scrolls of teleportation
 q - 7 scrolls of identify (quivered)
 u - a scroll of fear {unknown}
 z - a scroll of immolation {unknown}
Potions
 e - 3 potions of mutation {unknown}
 g - 5 potions of brilliance
 h - a potion of lignification
 i - a potion of curing {unknown}
 m - a potion of haste {unknown}
 p - a potion of berserk rage {unknown}
 w - a potion of invisibility {unknown}


   Skills:
 * Level 7.6 Fighting
 * Level 5.7 Maces & Flails
 - Level 1.1 Throwing
 + Level 3.1 Armour
 - Level 2.2 Dodging
 - Level 2.5 Spellcasting
 - Level 2.8 Translocations


You had 12 spell levels left.
You didn't know any spells.
Your spell library contained the following spells:

 Spells                   Type           Power      Damage    Failure   Level
 Blink                    Tloc           28%        N/A       11%         2
 Lesser Beckoning         Tloc           28%        N/A       11%         2
 Teleport Other           Tloc           14%        N/A       22%         3
 Call Canine Familiar     Summ           2%         N/A       56%         3
 Sigil of Binding         Hex            2%         N/A       56%         3
 Summon Ice Beast         Ice/Summ       2%         N/A       56%         3
 Manifold Assault         Tloc           14%        N/A       56%         4
 Dimensional Bullseye     Hex/Tloc       4%         N/A       77%         4
 Vhi's Electric Charge    Tloc/Air       16%        N/A       77%         4
 Summon Mana Viper        Hex/Summ       2%         N/A       99%         5
 Monstrous Menagerie      Summ           1%         N/A       100%        7


Dungeon Overview and Level Annotations

Branches:
Dungeon (5/15)             Temple (0/1) D:5

Altars:
Jiyva


Innate Abilities, Weirdness & Mutations

You are too large for most types of armour.
You have a pair of small horns on your head.
You have tough skin. (AC +1)
You gain doubled healing and magic from potions.
Whenever you drink a healing potion, you attack all around you.


Message History

The water moccasin poisons you! The water moccasin closely misses you.
The water moccasin bites you.
You are more poisoned.
The water moccasin poisons you!
You closely miss the water moccasin.
You feel extremely sick. The water moccasin barely misses you.
The water moccasin bites you!
You closely miss the water moccasin. You headbutt the water moccasin.
The water moccasin is lightly wounded.
You feel extremely sick. The water moccasin bites you.
You are more poisoned.
The water moccasin poisons you! The water moccasin closely misses you.
You barely miss the water moccasin.
The water moccasin is lightly wounded.
You feel extremely sick.
The water moccasin bites you but does no damage. x2
You completely miss the water moccasin.
The water moccasin is lightly wounded.
You feel extremely sick. The water moccasin barely misses you.
The water moccasin closely misses you.
You closely miss the water moccasin.
The water moccasin is lightly wounded.
You feel very sick. The water moccasin bites you.
* * * LOW HITPOINT WARNING * * *
You are more poisoned.
The water moccasin poisons you! The water moccasin bites you.
* * * LOW HITPOINT WARNING * * *
It was a potion of brilliance.
You feel clever all of a sudden.
* * * LOW HITPOINT WARNING * * *
You feel extremely sick. The water moccasin barely misses you.
The water moccasin bites you.
* * * LOW HITPOINT WARNING * * *
You are more poisoned.
The water moccasin poisons you!
You barely miss the water moccasin.
The water moccasin is lightly wounded.
You die...

####
##...## ##
###......
## ..
..<.[#...
##. .##
#......
..#..
#..... ...
####.# #S#
#.#####...#
#@#
#.......###
#.#
#######...#
#.# ##..#
#.# #...
#.# #...
#.### #..#
#...# #...
###.# #^##
#.# #.##


You could see a water moccasin.

Vanquished Creatures
  Grinder (D:3)
  Duvessa (D:4)
  An ogre (D:5)
  A phantom (D:3)
  2 scorpions (D:4)
  Dowan (D:4)
  A bombardier beetle (D:5)
  An orc priest (D:3)
  A sleepcap (D:4)
  Ijyb (D:3)
  2 iguanas
  An orc wizard (D:3)
  2 adders
  2 ufetubi (D:5)
  A ribbon worm (D:2)
  2 dart slugs (D:1)
  8 orcs
  5 endoplasms
  4 giant cockroaches
  6 goblins
  10 hobgoblins
  8 jackals
  7 quokkas
  5 ball pythons
  4 bats
  7 frilled lizards
  11 kobolds
  7 rats
103 creatures vanquished.

Vanquished Creatures (others)
  A scorpion (D:5)
  A howler monkey (D:4)
  3 jellies
  An adder (D:5)
  2 training dummies (D:4)
  A kobold (D:4)
9 creatures vanquished.

Grand Total: 112 creatures vanquished

Notes
Turn   | Place    | Note
-------+----------+-------------------------------------------
     0 | D:1      | Couri the Oni Warper began the quest for the Orb.
     0 | D:1      | Reached XP level 1. HP: 22/22 MP: 3/3
   106 | D:1      | Reached XP level 2. HP: 26/29 MP: 5/5
   136 | D:1      | Reached skill level 3 in Fighting
   319 | D:1      | Reached XP level 3. HP: 36/37 MP: 6/6
   738 | D:2      | Identified the +2 robe "Igradosch" {Fly rC+ rN+}
  1096 | D:2      | Reached XP level 4. HP: 48/48 MP: 7/7
  1211 | D:2      | Reached skill level 4 in Fighting
  1211 | D:2      | Reached skill level 1 in Armour
  1552 | D:3      | Noticed a phantom
  1577 | D:3      | Killed a phantom
  1578 | D:3      | Reached XP level 5. HP: 13/55 MP: 8/8
  1842 | D:3      | Noticed Grinder
  1903 | D:3      | Noticed Ijyb
  1941 | D:3      | Killed Ijyb
  1942 | D:3      | Reached skill level 5 in Fighting
  2384 | D:3      | Found a faded altar of an unknown god.
  2395 | D:3      | Prayed at the altar of an unknown god.
  2395 | D:3      | Became a worshipper of Jiyva Juuteta the Shapeless
  2395 | D:3      | Reached * piety under Jiyva
  2638 | D:3      | Paralysed by Grinder for 5 turns
  2644 | D:3      | Paralysed by Grinder for 4 turns
  2659 | D:3      | Paralysed by Grinder for 2 turns
  2672 | D:3      | Killed Grinder
  2673 | D:3      | Reached skill level 6 in Fighting
  2673 | D:3      | Reached XP level 6. HP: 53/67 MP: 9/9
  2709 | D:3      | Reached XP level 7. HP: 65/76 MP: 10/10
  3021 | D:4      | Reached ** piety under Jiyva
  3096 | D:4      | Reached skill level 5 in Maces & Flails
  3237 | D:4      | Noticed Duvessa
  3243 | D:4      | Killed Duvessa
  3244 | D:4      | Reached skill level 7 in Fighting
  3279 | D:4      | Noticed Dowan
  3292 | D:4      | Killed Dowan
  3463 | D:5      | Entered Level 5 of the Dungeon
  3463 | D:5      | Found a staircase to the Ecumenical Temple.
  3702 | D:5      | Reached *** piety under Jiyva
  3705 | D:5      | Reached XP level 8. HP: 80/88 MP: 11/11
  3744 | D:5      | Succumbed to a water moccasin's poison

Illustrated notes

Levels and vault maps discovered:
D:1:      heliophobic_arrival_ceremonial_halls, layout_rooms,
          minmay_pentomino_p2
D:2:      layout_loops_ring, minmay_liquid_box, nrook_loot_triangle
D:3:      layout_loops_cross, hellmonk_ecumenical_altar_arch_garden,
          uniq_grinder, uniq_ijyb
D:4:      dreamdust_elfheim, layout_loops_ring, minmay_cut_off
D:5:      layout_loops_ring, minmay_temple_entry_sparse_star, serial_shops,
          nicolae_shop_gibbet_a_chance

Skill      XL: |  1  2  3  4  5  6  7 |
---------------+----------------------+-----
Fighting       | 3 4 6 7 |  7.6
Armour         | 1 2 3 |  3.1
Maces & Flails | 3 4 5 |  5.7
Throwing       | |  1.1
Dodging        | |  2.2
Spellcasting   | |  2.5
Translocations | |  2.8

Action                     |  1- 3 |  4- 6 |  7- 9 || total
---------------------------+-------+-------+-------++-------
  Melee: Mace              |   119 |   135 |    22 ||   276
         Headbutt          |    17 |    14 |    15 ||    46
         Unarmed           |       |    24 |       ||    24
         Morningstar       |       |       |    71 ||    71
         Punch             |       |       |     3 ||     3
         Giant spiked club |       |       |    11 ||    11
  Throw: Dart              |       |     1 |       ||     1
    Use: Scroll            |     2 |     4 |       ||     6
         Potion            |       |       |     1 ||     1
 Armour: Robe              |   109 |   133 |    91 ||   333
         Skin              |       |    19 |       ||    19
  Dodge: Dodged            |    61 |    66 |    61 ||   188
